 Dungeon Crawl Stone Soup version 0.27.1-3-gb3d3a73c9e (webtiles) character file.

Game seed: 16426530601460944498

2754 jlumianski the Cleaver (level 9, -8/81 HPs)
             Began as a Deep Dwarf Fighter on Oct 21, 2021.
             Was a Priest of Makhleb.
             Mangled by a two-headed ogre (13 damage)
             ... on level 7 of the Dungeon.
             The game lasted 00:39:37 (6448 turns).

jlumianski the Cleaver (Deep Dwarf Fighter)         Turns: 6448, Time: 00:39:38

Health: -8/81      AC: 10    Str: 30    XL:     9   Next: 41%
Magic:  7/7        EV: 11    Int:  8    God:    Makhleb [***...]
Gold:   143        SH:  7    Dex: 12    Spells: 8/8 levels left

rFire    + . .     SeeInvis .   a - +0 war axe
rCold    . . .     Faith    .   o - +2 buckler
rNeg     . . .     Spirit   .   b - +0 scale mail
rPois    .         Reflect  .   n - +0 helmet
rElec    .         Harm     .   B - +0 cloak
rCorr    .         Rampage  .   (no gloves)
Will     +....                  (no boots)
Stlth    ..........             j - amulet of the acrobat
HPRegen  0.00/turn              p - +6 ring of strength
MPRegen  0.10/turn              y - ring of protection from fire

@: no status effects
A: damage resistance, heal wounds, sense surroundings 2, no regeneration
a: Heal Wounds, Renounce Religion, Minor Destruction, Lesser Servant of Makhleb


You were on level 7 of the Dungeon.
You worshipped Makhleb.
Makhleb was most pleased with you.
You visited 1 branch of the dungeon, and saw 8 of its levels.

You collected 383 gold pieces.
You spent 240 gold pieces at shops.

Inventory:

Hand Weapons
 a - a +0 war axe (weapon)
 v - the +2 dagger of Embarrassment {flame, rN++ Str-2 Int+2 Dex+2}
   (You took it off an orc on level 4 of the Dungeon)

   It burns those it strikes, dealing additional fire damage.
   Str:       It affects your strength (-2).
   Int:       It affects your intelligence (+2).
   Dex:       It affects your dexterity (+2).
   rN:        It greatly protects you from negative energy.
Missiles
 f - 218 stones
 z - 20 sling bullets
 E - 6 atropa-tipped darts (quivered)
 J - a throwing net
Armour
 b - a +0 scale mail (worn)
 c - a +0 kite shield
 h - a +0 cloak
 n - a +0 helmet (worn)
 o - a +2 buckler (worn)
 B - a +0 cloak (worn)
 H - +0 acid dragon scales
Jewellery
 j - an amulet of the acrobat (around neck)
 p - a +6 ring of strength (left hand)
 y - a ring of protection from fire (right hand)
 C - a +6 ring of intelligence
Wands
 w - a wand of polymorph (8)
 x - a wand of digging (5)
 D - a wand of paralysis (8)
 F - a wand of mindburst (16)
Scrolls
 i - a scroll of fog
 k - 2 scrolls of fear {unknown}
 l - 2 scrolls of vulnerability
 A - 2 scrolls of enchant weapon {unknown}
 I - a scroll of enchant armour {unknown}
Potions
 d - 2 potions of might
 e - a potion of haste
 g - a potion of brilliance
 m - 4 potions of attraction
 q - 6 potions of heal wounds
 r - a potion of resistance
 s - 2 potions of magic
 t - a potion of berserk rage
 u - 2 potions of curing {unknown}


   Skills:
 + Level 5.5 Fighting
 + Level 9.4 Axes
 + Level 1.1 Throwing
 + Level 6.6 Armour
 + Level 3.2 Dodging
 + Level 1.8 Stealth
 + Level 5.5 Shields
 * Level 3.8 Invocations


You had 8 spell levels left.
You didn't know any spells.
Your spell library contained the following spells:

 Spells                   Type           Power      Damage    Failure   Level
 Call Canine Familiar     Summ           0%         N/A       94%         3
 Portal Projectile        Hex/Tloc       0%         N/A       94%         3
 Leda's Liquefaction      Hex/Erth       0%         N/A       100%        4


Dungeon Overview and Level Annotations

Branches:
Dungeon (8/15)             Temple (0/1) D:6
   Lair: D:8-11

Altars:
Makhleb
Nemelex Xobeh
Qazlal
Zin

Shops:
D:5 *   D:6 !


Innate Abilities, Weirdness & Mutations

You are resistant to damage.
You can heal yourself by infusing magical energy.
You passively map the area around you.
You do not regenerate.


Message History

The atropa-tipped dart barely misses the two-headed ogre.
Throw: 7 darts (atropa)
Press: ? - help, Q - select action, (/) - cycle Shift-Dir - straight line, f/p - two-headed ogre
Aim: a two-headed ogre, wielding a +0 giant spiked club and a +0 giant club (74% to hit, chance to blind on hit: 3%)
You throw an atropa-tipped dart.
The atropa-tipped dart barely misses the two-headed ogre.
A water moccasin comes into view.
There is a stone staircase leading up here.
You block the two-headed ogre's attack.
The two-headed ogre hits you with a +0 giant club!!
You climb upwards.
There is a stone staircase leading down here.
Aiming: Paralyse
Press: ? - help, Shift-Dir - straight line, f - two-headed ogre
Aim: a two-headed ogre, wielding a +0 giant spiked club and a +0 giant club (chance to affect: 28%)
Okay, then.
Unknown command.
Unknown command.
Unknown command.
Unknown command.
Aiming: Mindburst
Press: ? - help, Shift-Dir - straight line, f - two-headed ogre
Aim: a two-headed ogre, wielding a +0 giant spiked club and a +0 giant club (chance to affect: 48%)
Okay, then.
Unknown command.
Unknown command.
Unknown command.
Unknown command.
Press: ? - help, Shift-Dir - straight line, f - two-headed ogre
Aim: a two-headed ogre, wielding a +0 giant spiked club and a +0 giant club
Okay, then.
Unknown command.
A demon appears!
The two-headed ogre barely misses you.
The two-headed ogre hits you with a +0 giant club!!
* * * LOW HITPOINT WARNING * * *
You fail to use your ability.
The two-headed ogre hits you with a +0 giant spiked club!
* * * LOW HITPOINT WARNING * * *
The two-headed ogre hits you with a +0 giant club!
You die...

###### #....# #....###
#....#3################
#.....@O...............
##........########......
#.........# #......
#...)....#########......
#.......................
#.........###...........
#.........# #......#####
#.........# #......#
###.#.....###......#


You could see a two-headed ogre (ally target) and a friendly ynoxinul
(summoned).

Vanquished Creatures
  Sigmund (D:5)
  3 yaks (D:3)
  An acid dragon (D:6)
  Duvessa (D:5)
  An orc warrior (D:7)
  A black bear (D:4)
  2 necrophages
  A centaur (D:5)
  2 ogres
  A phantom (D:5)
  A bullfrog (D:6)
  Dowan (D:5)
  A scorpion (D:6)
  A water moccasin zombie (D:5)
  2 water moccasin skeletons
  A howler monkey (D:7)
  2 hounds
  A bullfrog skeleton (D:6)
  A jelly (D:5)
  4 orc priests
  A gnoll shaman (D:5)
  Crazy Yiuf (D:5)
  Natasha (twice) (D:3 D:2)
  A scorpion zombie (D:3)
  3 iguanas
  4 orc wizards
  5 hound skeletons (D:3)
  Robin (D:2)
  8 gnolls
  3 adders (D:3)
  A white imp (D:5)
  An ufetubus (D:5)
  5 adder skeletons
  An adder zombie (D:3)
  2 worms (D:2)
  3 dart slugs
  24 orcs
  5 ball pythons
  4 endoplasms
  A giant cockroach (D:1)
  19 goblins
  12 hobgoblins
  6 jackals
  5 quokkas
  A ball python skeleton (D:3)
  A ball python zombie (D:3)
  4 bats
  3 frilled lizards
  A jackal skeleton (D:3)
  6 kobolds
  2 quokka skeletons (D:3)
  4 rats
169 creatures vanquished.

Vanquished Creatures (others)
  2 fungi (D:1)
  7 withered plants (D:3)
9 creatures vanquished.

Grand Total: 178 creatures vanquished

Notes
Turn   | Place    | Note
-------+----------+-------------------------------------------
     0 | D:1      | jlumianski the Deep Dwarf Fighter began the quest for the
                  | Orb.
     0 | D:1      | Reached XP level 1. HP: 20/20 MP: 1/1
   177 | D:1      | Found a faded altar of an unknown god.
   215 | D:1      | Reached XP level 2. HP: 25/27 MP: 2/2
   496 | D:1      | Reached XP level 3. HP: 24/34 MP: 3/3
  1072 | D:2      | Reached skill level 3 in Axes
  1074 | D:2      | Noticed Robin
  1093 | D:2      | Killed Robin
  1207 | D:2      | Reached XP level 4. HP: 29/42 MP: 4/4
  2084 | D:3      | Found a glowing silver altar of Zin.
  2170 | D:3      | Reached skill level 4 in Axes
  2177 | D:3      | Found a burning altar of Makhleb.
  2209 | D:3      | Reached XP level 5. HP: 33/49 MP: 4/4
  2310 | D:3      | Noticed Natasha
  2314 | D:3      | Reached skill level 1 in Dodging
  2314 | D:3      | Found a stormy altar of Qazlal.
  2323 | D:3      | Killed Natasha
  2324 | D:3      | Reached skill level 5 in Axes
  2344 | D:3      | Became a worshipper of Makhleb the Destroyer
  2491 | D:2      | Reached XP level 6. HP: 32/56 MP: 5/5
  2505 | D:3      | Noticed Natasha
  2533 | D:2      | Killed Natasha
  2664 | D:3      | Reached * piety under Makhleb
  2870 | D:4      | Reached skill level 6 in Axes
  3027 | D:4      | Reached XP level 7. HP: 24/63 MP: 6/6
  3125 | D:4      | Identified the +2 dagger of Embarrassment {flame, rN++
                  | Str-2 Int+2 Dex+2}
  3286 | D:4      | Noticed a yak
  3287 | D:4      | Noticed a yak
  3292 | D:4      | Noticed a yak
  3345 | D:3      | Killed a yak
  3346 | D:3      | Reached skill level 7 in Axes
  3346 | D:3      | Reached skill level 1 in Throwing
  3346 | D:3      | Reached skill level 5 in Armour
  3372 | D:3      | Killed a yak
  3373 | D:3      | Reached XP level 8. HP: 28/73 MP: 6/6
  3769 | D:5      | Entered Level 5 of the Dungeon
  3769 | D:5      | Found Wamest's Lightly-Used Armoury.
  3773 | D:5      | Found a sparkling altar of Nemelex Xobeh.
  3796 | D:5      | Reached skill level 1 in Stealth
  3828 | D:5      | Noticed Sigmund
  3837 | D:5      | Killed Sigmund
  3838 | D:5      | Reached skill level 8 in Axes
  3855 | D:5      | Noticed Dowan
  3855 | D:5      | Noticed Duvessa
  3871 | D:5      | Killed Duvessa
  3877 | D:5      | Killed Dowan
  3878 | D:5      | Reached skill level 5 in Fighting
  3892 | D:5      | Reached ** piety under Makhleb
  4026 | D:5      | Reached skill level 5 in Shields
  4083 | D:5      | Reached skill level 1 in Invocations
  4401 | D:5      | Found a runed translucent door.
  4402 | D:5      | Noticed Crazy Yiuf
  4697 | D:5      | Killed Crazy Yiuf
  4789 | D:6      | Gained mutation: You passively map the area around you.
                  | [Deep Dwarf growth]
  4789 | D:6      | Reached XP level 9. HP: 58/81 MP: 8/8
  4808 | D:6      | Found Nogos's Distillery.
  4944 | D:6      | Found a staircase to the Ecumenical Temple.
  5451 | D:6      | Reached skill level 9 in Axes
  5892 | D:6      | Bought a potion of heal wounds for 60 gold pieces
  5892 | D:6      | Bought 3 potions of heal wounds for 180 gold pieces
  6134 | D:7      | Reached *** piety under Makhleb
  6437 | D:8      | Noticed a two-headed ogre
  6448 | D:7      | Mangled by a two-headed ogre

Illustrated notes

Levels and vault maps discovered:
D:1:      dpeg_arrival_short_road, layout_basic,
          shapermc_ecumenical_altar_hornbeckon
D:2:      layout_loops_ring, chequers_serial_rivers_large_b, corner_web_ring,
          grunt_ministairs_4, minmay_quantized, uniq_robin
D:3:      layout_rooms, zin_scriptorium, grunt_temple_overflow_open,
          serial_undead, serial_undead_f, serial_undead_a, serial_undead_d,
          serial_undead_c, serial_undead_f, serial_undead_e, serial_undead_f,
          serial_undead_c, serial_undead_f, serial_undead_e, minmay_cupped,
          uniq_natasha
D:4:      layout_gridville, hangedman_decor_riveting, dk_rats_in_the_wall
D:5:      layout_basic, lemuel_crystal_altar, minmay_shop_damaged,
          uniq_crazy_yiuf_cottage, uniq_duvessa, uniq_sigmund
D:6:      layout_loops_corners, temple_doors_e, serial_shops, shop, st_stairs_14
D:7:      layout_basic
D:8:      layout_gridville, kennysheep_little_box, minmay_misc_feat_tiny

Skill      XL: |  1  2  3  4  5  6  7  8  9 |
---------------+----------------------------+-----
Fighting       | 3 4 5 |  5.5
Axes           | 3 4 5 6 7 8 9 |  9.4
Dodging        | 1 2 3 |  3.2
Armour         | 4 5 6 |  6.6
Shields        | 4 5 |  5.5
Throwing       | 1 |  1.1
Stealth        | 1 |  1.8
Invocations    | 2 3 |  3.8

Action                   |  1- 3 |  4- 6 |  7- 9 || total
-------------------------+-------+-------+-------++-------
Melee: War axe           |   131 |   198 |   370 ||   699
Throw: Stone             |       |     2 |    11 ||    13
       Dart              |       |       |     8 ||     8
Invok: Lesser Servant of |       |       |     1 ||     1
 Abil: Heal Wounds       |     2 |     3 |    11 ||    16
  Use: Scroll            |       |     4 |     5 ||     9
Armor: Scale mail        |    61 |    80 |   121 ||   262
       Skin              |       |       |     1 ||     1
Dodge: Dodged            |    42 |   139 |   125 ||   306
Block: Kite shield       |    71 |       |       ||    71
       Buckler           |       |    66 |   120 ||   186
